Workbook

Sheet CONSORCIO INTERCONDI - DHE 02
A2: ANEXO EVALUACION DE EXPERIENCIA, TECNICA Y PUNTUABLE CMA-001-2024
A4: INTERVENTORÍA TÉCNICA, ADMINISTRATIVA, FINANCIERA, AMBIENTAL Y SST PARA EL MEJORAMIENTO DE LAS VÍAS DEL MUNICIPIO DE CHÍA, CUNDINAMARCA.
B8: 1. EXPERIENCIA GENERAL, 2.2 INTERVENTORÍA A PROYECTOS DE MEJORAMIENTO EN VÍAS TERCIARIAS
B10: Proponente | C10: Integrantes | D10: INTERVENTORÍA A PROYECTOS DE: CONSTRUCCIÓN O RECONSTRUCCIÓN O MEJORAMIENTO EN PAVIMENTO ASFÁLTICO O CONCRETO HIDRÁULICO O PLACA HUELLA DE VÍAS PRIMARIAS O SECUNDARIAS O VÍAS TERCIARIAS O VÍAS URBANAS O PISTAS DE AEROPUERTOS Nota 1: Se aclara que también será válida la experiencia que haya sido ejecutada a través de interventoría a alguna de las actividades constructivas de la experiencia general para Vías en Asfalto Natural o Asfaltita. Nota 2: En caso que el proyecto a realizar la interventoría corresponda a pavimento articulado o adoquinado, también será válida la acreditación de la experiencia en este tipo de pavimento por parte de los Proponentes. | H10: Participacion | I10: Valor en $ | J10: Valor en SMMLV | K10: Valor en SMMLV por porcentaje de participación | L10: El Proponente acreditará que la sumatoria de los contratos aportados como experiencia es mayor o igual al cien por ciento (100 %) respecto del valor total del Presupuesto Oficial establecido para el Proceso de Contratación expresado en SMMLV | N10: 10.1.3 CLASIFICACIÓN DE LA EXPERIENCIA EN EL “CLASIFICADOR DE BIENES, OBRAS Y SERVICIOS DE LAS NACIONES UNIDAS” Los contratos aportados para efectos de acreditación de la experiencia requerida deben estar clasificados en alguno de los siguientes códigos: 81101500 - 80101600 | P10: CUMPLE
B15: CONSORCIO INTERCONDI - DHE 02 | C15: INTERCONDI SAS 90% DHE INGENIERIA SAS 10% | D15: INTERVENTORÍA TÉCNICA, ADMINISTRATIVA Y FINANCIERA PARA EL MEJORAMIENTO CON EN CONCRETO RÍGIDO DE DIFERENTES VÍAS URBANAS EN EL BARRIO VILLAS DE SANTIAGO MUNICIPIO DE BARRANCA DE UPIA - META | H15: 0.7 | I15: 5.5135038e+08 | J15: =(I15)/[1]SMMLV!D40 -> 606.86252 | K15: =J15*H15 -> 424.80377 | L15: =K15+K16 -> 1103.3645 | N15: ACREDITA LOS CODIGOS | P15: EL PROPONENTE SE ENCUENTRA RECHAZADO JURIDICAMENTE
D16: INTERVENTORÍA TÉCNICA, ADMINISTRATIVA Y FINANCIERA PARA EL MEJORAMIENTO DE LA VÍA SECUNDARIA QUE COMUNICA EL MUNICIPIO DE CABUYARO, PUENTE HUMEA, PUERTO LÓPEZ, FASE I, META | H16: 0.68 | I16: 997883421 | J16: =I16/[1]SMMLV!D41 -> 997.88342 | K16: =J16*H16 -> 678.56073 | N16: ACREDITA LOS CODIGOS
F18: P.O. Valor en $ | G18: P.O. Valor SMMLV | H18: PROMEDIO - EXPERIENCIA EN SMMLV
B19: Presupuesto Oficial | F19: 220397844 | G19: =F19/[1]SMMLV!D43 -> 169.5368 | H19: =((K15+K16)/2) -> 551.68225 | J19: =+L15 -> 1103.3645
F23: 2. REGISTRO UNICO DE PROPONENTES
F24: Proponente | G24: Integrantes | H24: No. De Certificado | I24: Fecha de expediciòn | J24: CLASIFICACIÓN DE LA EXPERIENCIA EN EL “CLASIFICADOR DE BIENES, OBRAS Y SERVICIOS DE LAS NACIONES UNIDAS” 81101500 - 80101600 | K24: Verificado | M24: “Formato 8 - Aceptación y cumplimiento de la formación académica y la experiencia del personal clave evaluable” | N24: CUMPLE (SI/NO)
F25: =B15 -> CONSORCIO INTERCONDI - DHE 02 | G25: =C15 -> INTERCONDI SAS 90% DHE INGENIERIA SAS 10% | H25: INTERCONDI SAS AA24831228 DHE INGENIERIA SAS 10% AA24718289 | I25: INTERCONDI SAS 05/05/2024 DHE INGENIERIA SAS 11/04/2024 | J25: VERIFICADO | K25: CUMPLE | M25: DILIGENCIA EL FORMATO 8 FIRMADO POR EL REPRESENTANTE LEGAL | N25: CUMPLE
B28: 3. CRITERIOS DE EVALUACIÓN, ASIGNACIÓN DE PUNTAJE Y CRITERIOS DE DESEMPATE
B29: FORMA DE VERIFICACIÓN Y ASIGNACIÓN DE PUNTAJE POR LA EXPERIENCIA DEL PROPONENTE | G29: 4.2 EQUIPO DE TRABAJO (Personal Clave Evaluable) | K29: 4.3 FACTOR DE SOSTENIBILIDAD La Entidad asignará un (1) punto al Proponente que se comprometa con el diligenciamiento del “Formato 12 – Factor de sostenibilidad” | M29: 4.6 EMPRENDIMIENTOS Y EMPRESAS DE MUJERES La Entidad asignará un puntaje de cero punto veinticinco (0.25) puntos al Proponente que acredite la calidad de emprendimientos y empresas de mujeres con domicilio en el territorio nacional de conformidad con lo previsto en el artículo 2.2.1.2.4.2.14. del Decreto 1082 de 2015 o la norma que lo modifique, sustituya o complemente. | N29: 4.7 MIPYME DOMICILIADA EN COLOMBIA La Entidad otorgará un puntaje de cero punto veinticinco (0.25) puntos al Proponente que acredite la calidad de Mipyme domiciliada en Colombia, de conformidad con el artículo 2.2.1.2.4.2.4 del Decreto 1082 de 2015, en concordancia con el parágrafo del artículo 2.2.1.13.2.4 del Decreto 1074 de 2015, o la norma que lo modifique, complemente o sustituya.
B30: CONTRATOS APORTADOS CONFORME EL VALOR EN SMMLV | C30: PROMEDIO DE CONTRATOS ACREDITADOS PARA EXPERIENCIA, EXPRESADO EN SMMLV | D30: TRM APLICADA | E30: METODO (Media geométrica) | G30: La asignación de puntaje relacionada con el “Equipo de trabajo (Personal Clave Evaluable)” se realizará de la siguiente manera:
D31: TMR - VIGENTE 9 DE MAYO 2024, VALOR 3,902.63 COP | G31: 4.2.1 EXPERIENCIA ESPECÍFICA ADICIONAL La Entidad asignará cinco (5) puntos al Proponente que se comprometa con el diligenciamiento del “Formato 9 - Experiencia y formación académica adicional del Personal Clave Evaluable” a acreditar que tienen un (1) año de experiencia específica adicional a la definida en la “Matriz 4 | I31: 4.2.2 FORMACIÓN ACADÉMICA ADICIONAL La Entidad asignará cinco (5) puntos al Proponente que se comprometa con el diligenciamiento del “Formato 9 – Experiencia y formación académica adicional del Personal Clave Evaluable” a acreditar que tienen una formación académica adicional a la definida en la “Matriz 4 | J31: PUNTAJE 10 | K31: - | M31: - | N31: -
B32: =K15 -> 424.80377 | C32: =+AVERAGE(B32:B33) -> 551.68225 | G32: - | I32: - | J32: -
B33: =K16 -> 678.56073
B35: P.O. Valor en $ | C35: P.O. Valor SMMLV
B36: =F19 -> 220397844 | C36: =B36/[1]SMMLV!D43 -> 169.5368
B38: 4.4. APOYO A LA INDUSTRIA NACIONAL | I38: VINCULACIÓN DE PERSONAS CON DISCAPACIDAD
B39: PROPONENTE | G39: PUNTAJE(0-20) | I39: PROPONENTE | J39: La Entidad asignará un (1) punto al Proponente que acredite el número mínimo de personas en condición de discapacidad, de acuerdo con el número total de trabajadores de la planta de su personal, en los términos señalados en el artículo 2.2.1.2.4.2.6. del Decreto 1082 de 2015. | M39: PUNTAJE (0-1)
B46: =B15 -> CONSORCIO INTERCONDI - DHE 02 | C46: ACREDITA REQUISITO - FORMATO 7 – PUNTAJE DE INDUSTRIA NACIONAL FORMATO 7A – PROMOCIÓN DE SERVICIOS NACIONALES O CON TRATO NACIONAL | G46: - | M46: -
B52: PROPONENTE | C52: Asimismo, las Entidades deberán reducir durante la evaluación de las ofertas dos (2) puntos a los Proponentes que se les haya impuesto una o más multas o cláusulas penales durante el último año, contado a partir de la fecha prevista para el cierre del proceso, sin importar la cuantía y sin perjuicio de las demás consecuencias derivadas del incumplimiento. Esta reducción también afecta a los Consorcios y a las Uniones Temporales si alguno de sus integrantes se encuentra en la situación anterior. | H52: DESCUENTO PUNTAJE | J52: PROPONENTE | K52: Las Entidades deben consultar y analizar las anotaciones vigentes que reposen en el Registro Nacional de Obras Civiles Inconclusas de que trata la Ley 2020 de 2020. En el evento que las personas naturales o jurídicas, nacionales o extranjeras domiciliadas o con Sucursal en Colombia, o integrantes de Proponentes Plurales, cuenten con alguna anotación vigente de obra civil inconclusa en el mencionado registro, se descontará un (1) punto de la sumatoria obtenida en relación con los criterios de evaluación. | O52: DESCUENTO PUNTAJE
B56: =B15 -> CONSORCIO INTERCONDI - DHE 02 | C56: VERIFICADO | H56: 0 | J56: =B15 -> CONSORCIO INTERCONDI - DHE 02 | K56: VERIFICADO | O56: 0
B60: TOTAL PUNTOS | C60: -

Sheet CONSORCIO YERBABUENA
A2: ANEXO EVALUACION DE EXPERIENCIA, TECNICA Y PUNTUABLE CMA-001-2024
A4: INTERVENTORÍA TÉCNICA, ADMINISTRATIVA, FINANCIERA, AMBIENTAL Y SST PARA EL MEJORAMIENTO DE LAS VÍAS DEL MUNICIPIO DE CHÍA, CUNDINAMARCA.
B8: 1. EXPERIENCIA GENERAL, 2.2 INTERVENTORÍA A PROYECTOS DE MEJORAMIENTO EN VÍAS TERCIARIAS
B10: Proponente | C10: Integrantes | D10: INTERVENTORÍA A PROYECTOS DE: CONSTRUCCIÓN O RECONSTRUCCIÓN O MEJORAMIENTO EN PAVIMENTO ASFÁLTICO O CONCRETO HIDRÁULICO O PLACA HUELLA DE VÍAS PRIMARIAS O SECUNDARIAS O VÍAS TERCIARIAS O VÍAS URBANAS O PISTAS DE AEROPUERTOS Nota 1: Se aclara que también será válida la experiencia que haya sido ejecutada a través de interventoría a alguna de las actividades constructivas de la experiencia general para Vías en Asfalto Natural o Asfaltita. Nota 2: En caso que el proyecto a realizar la interventoría corresponda a pavimento articulado o adoquinado, también será válida la acreditación de la experiencia en este tipo de pavimento por parte de los Proponentes. | H10: Participacion | I10: Valor en $ | J10: Valor en SMMLV | K10: Valor en SMMLV por porcentaje de participación | L10: El Proponente acreditará que la sumatoria de los contratos aportados como experiencia es mayor o igual al cien por ciento (100 %) respecto del valor total del Presupuesto Oficial establecido para el Proceso de Contratación expresado en SMMLV | N10: 10.1.3 CLASIFICACIÓN DE LA EXPERIENCIA EN EL “CLASIFICADOR DE BIENES, OBRAS Y SERVICIOS DE LAS NACIONES UNIDAS” Los contratos aportados para efectos de acreditación de la experiencia requerida deben estar clasificados en alguno de los siguientes códigos: 81101500 - 80101600 | P10: CUMPLE
B15: CONSORCIO YERBABUENA | C15: CONSTRUCTORA SANTOSP S.A.S. 48% DIAMONDI S.A.S. 48% BIMSOL S.A.S. 4% | D15: INTERVENTORÍA TÉCNICA, ADMINISTRATIVA Y FINANCIERA AL CONTRATO DE OBRA PÚBLICA NO 124 DE 2018 CUYO OBJETO ES: REHABILITACIÓN Y MANTENIMIENTO DEL CORREDOR VIAL SHELL - ARBELÁEZ - SAN BERNARDO MUNICIPIO DE ARBELÁEZ CUNDINAMARCA | H15: 0.5 | I15: 82365186 | J15: =(I15)/SMMLV!D37 -> 105.42852 | K15: =J15*H15 -> 52.714259 | L15: =K15+K16+K17+K18+K19+K20 -> 190.33657 | N15: ACREDITA CODIGO | P15: EL PROPONENTE SE ENCUENTRA RECHAZADO JURIDICAMENTE
D16: INTERVENTORÍA TÉCNICA, FINANCIERA Y ADMINISTRATIVA DEL CONTRATO DE MANTENIMIENTO RUTINARIO DE VÍA TERCIARIA DENOMINADA EL TEJAR AGUAS CLARAS | H16: 1 | I16: 4121493 | J16: =(I16)/SMMLV!D27 -> 8.9306457 | K16: =J16*H16 -> 8.9306457 | N16: ACREDITA CODIGO
D17: INTERVENTORÍA INTEGRAL PARA EL MEJORAMIENTO DE VÍAS RURALES MEDIANTE LA CONSTRUCCIÓN DE ALCANTARILLAS EN LA ZONA RURAL DEL MUNICIPIO DE ORTEGA TOLIMA | H17: 0.45 | I17: 47226906 | J17: =(I17)/SMMLV!D39 -> 53.801258 | K17: =J17*H17 -> 24.210566 | N17: ACREDITA CODIGO
D18: INTERVENTORÍA EXTERNA TÉCNICA, ADMINISTRATIVA, FINANCIERA, CONTABLE Y JURÍDICA DE LA EJECUCIÓN DEL CONTRATO DE OBRA RESULTANTE DE LA LICITACIÓN PÚBLICA N° 101-19-03-LP006-2019 MEJORAMIENTO DE VÍAS RURALES DEL MUNICIPIO DE PAIME GRUPO 4 | H18: 1 | I18: 19250000 | J18: =(I18)/SMMLV!D38 -> 23.245536 | K18: =J18*H18 -> 23.245536 | N18: ACREDITA CODIGO
D19: INTERVENTORÍA TÉCNICA, ADMINISTRATIVA, CONTABLE, AMBIENTAL Y FINANCIERA PARA EL MEJORAMIENTO DE VÍAS TERCIARIAS, POR MEDIO DE LA CONSTRUCCIÓN DE PLACA HUELLA EN LAS VEREDAS SOCHAQUIRA ARRIBA, SOCHAQUIRA ABAJO, PLAZA ARRIBA, VOLCÁN, FONZAQUE DEL MUNICIPIO DE GUAYATA, BOYACÁ. MUNICIPIO DE GUAYATA – DEPARTAMENTO DE BOYACÁ | H19: 1 | I19: 51614691 | J19: =(I19)/SMMLV!D38 -> 62.327852 | K19: =J19*H19 -> 62.327852 | N19: ACREDITA CODIGO
D20: INTERVENTORÍA TÉCNICA, ADMINISTRATIVA, FINANCIERA, CONTABLE Y JURÍDICA AL CONTRATO DE OBRA QUE TIENE COMO OBJETO: MEJORAMIENTO DE VÍAS TERCIARIAS EN UMBITA, BOYACÁ | H20: 0.2 | I20: 82986240 | J20: =(I20)/SMMLV!D39 -> 94.53857 | K20: =J20*H20 -> 18.907714 | N20: ACREDITA CODIGO
F22: P.O. Valor en $ | G22: P.O. Valor SMMLV | H22: PROMEDIO - EXPERIENCIA EN SMMLV
B23: Presupuesto Oficial | F23: 220397844 | G23: =F23/SMMLV!D43 -> 169.5368 | H23: =((K15+K16+K17+K18+K19+K20)/6) -> 31.722762 | J23: =+L15 -> 190.33657
F27: 2. REGISTRO UNICO DE PROPONENTES
F28: Proponente | G28: Integrantes | H28: No. De Certificado | I28: Fecha de expediciòn | J28: CLASIFICACIÓN DE LA EXPERIENCIA EN EL “CLASIFICADOR DE BIENES, OBRAS Y SERVICIOS DE LAS NACIONES UNIDAS” 81101500 - 80101600 | K28: Verificado | M28: “Formato 8 - Aceptación y cumplimiento de la formación académica y la experiencia del personal clave evaluable” | N28: CUMPLE (SI/NO)
F29: =B15 -> CONSORCIO YERBABUENA | G29: =C15 -> CONSTRUCTORA SANTOSP S.A.S. 48% DIAMONDI S.A.S. 48% BIMSOL S.A.S. 4% | H29: CONSTRUCTORA SANTOSP S.A.S. AA24796588 DIAMONDI S.A.S. 1yzCVWvH6Q BIMSOL S.A.S. AA24835139 | I29: CONSTRUCTORA SANTOSP S.A.S. 26/04/2024 DIAMONDI S.A.S. 06/05/2024 BIMSOL S.A.S. 06/05/2024 | J29: VERIFICADO | K29: CUMPLE | M29: DILIGENCIA EL FORMATO 8 FIRMADO POR EL REPRESENTANTE LEGAL | N29: CUMPLE
B32: 3. CRITERIOS DE EVALUACIÓN, ASIGNACIÓN DE PUNTAJE Y CRITERIOS DE DESEMPATE
B33: FORMA DE VERIFICACIÓN Y ASIGNACIÓN DE PUNTAJE POR LA EXPERIENCIA DEL PROPONENTE | G33: 4.2 EQUIPO DE TRABAJO (Personal Clave Evaluable) | K33: 4.3 FACTOR DE SOSTENIBILIDAD La Entidad asignará un (1) punto al Proponente que se comprometa con el diligenciamiento del “Formato 12 – Factor de sostenibilidad” | M33: 4.6 EMPRENDIMIENTOS Y EMPRESAS DE MUJERES La Entidad asignará un puntaje de cero punto veinticinco (0.25) puntos al Proponente que acredite la calidad de emprendimientos y empresas de mujeres con domicilio en el territorio nacional de conformidad con lo previsto en el artículo 2.2.1.2.4.2.14. del Decreto 1082 de 2015 o la norma que lo modifique, sustituya o complemente. | N33: 4.7 MIPYME DOMICILIADA EN COLOMBIA La Entidad otorgará un puntaje de cero punto veinticinco (0.25) puntos al Proponente que acredite la calidad de Mipyme domiciliada en Colombia, de conformidad con el artículo 2.2.1.2.4.2.4 del Decreto 1082 de 2015, en concordancia con el parágrafo del artículo 2.2.1.13.2.4 del Decreto 1074 de 2015, o la norma que lo modifique, complemente o sustituya.
B34: CONTRATOS APORTADOS CONFORME EL VALOR EN SMMLV | C34: PROMEDIO DE CONTRATOS ACREDITADOS PARA EXPERIENCIA, EXPRESADO EN SMMLV | D34: TRM APLICADA | E34: METODO (Media geométrica) | G34: La asignación de puntaje relacionada con el “Equipo de trabajo (Personal Clave Evaluable)” se realizará de la siguiente manera:
D35: TMR - VIGENTE 9 DE MAYO 2024, VALOR 3,902.63 COP | G35: 4.2.1 EXPERIENCIA ESPECÍFICA ADICIONAL La Entidad asignará cinco (5) puntos al Proponente que se comprometa con el diligenciamiento del “Formato 9 - Experiencia y formación académica adicional del Personal Clave Evaluable” a acreditar que tienen un (1) año de experiencia específica adicional a la definida en la “Matriz 4 | I35: 4.2.2 FORMACIÓN ACADÉMICA ADICIONAL La Entidad asignará cinco (5) puntos al Proponente que se comprometa con el diligenciamiento del “Formato 9 – Experiencia y formación académica adicional del Personal Clave Evaluable” a acreditar que tienen una formación académica adicional a la definida en la “Matriz 4 | J35: PUNTAJE 10 | K35: - | M35: - | N35: -
B36: =K15 -> 52.714259 | C36: =+AVERAGE(B36:B41) -> 31.722762 | G36: - | I36: - | J36: -
B37: =K16 -> 8.9306457
B38: =K17 -> 24.210566
B39: =K18 -> 23.245536
B40: =K19 -> 62.327852
B41: =K20 -> 18.907714
B43: P.O. Valor en $ | C43: P.O. Valor SMMLV
B44: =F23 -> 220397844 | C44: =B44/SMMLV!D43 -> 169.5368
B46: 4.4. APOYO A LA INDUSTRIA NACIONAL | I46: VINCULACIÓN DE PERSONAS CON DISCAPACIDAD
B47: PROPONENTE | G47: PUNTAJE(0-20) | I47: PROPONENTE | J47: La Entidad asignará un (1) punto al Proponente que acredite el número mínimo de personas en condición de discapacidad, de acuerdo con el número total de trabajadores de la planta de su personal, en los términos señalados en el artículo 2.2.1.2.4.2.6. del Decreto 1082 de 2015. | M47: PUNTAJE (0-1)
B54: =B15 -> CONSORCIO YERBABUENA | C54: ACREDITA REQUISITO - FORMATO 7 – PUNTAJE DE INDUSTRIA NACIONAL FORMATO 7A – PROMOCIÓN DE SERVICIOS NACIONALES O CON TRATO NACIONAL | G54: - | I54: CONSTRUCTORA SANTOSP S.A.S. | J54: El integrante CONSTRUCTORA SANTOS S.A.S. del consorcio aporta la certiicación del personal de trabajadores con discapacidad | M54: -
B60: PROPONENTE | C60: Asimismo, las Entidades deberán reducir durante la evaluación de las ofertas dos (2) puntos a los Proponentes que se les haya impuesto una o más multas o cláusulas penales durante el último año, contado a partir de la fecha prevista para el cierre del proceso, sin importar la cuantía y sin perjuicio de las demás consecuencias derivadas del incumplimiento. Esta reducción también afecta a los Consorcios y a las Uniones Temporales si alguno de sus integrantes se encuentra en la situación anterior. | H60: DESCUENTO PUNTAJE | J60: PROPONENTE | K60: Las Entidades deben consultar y analizar las anotaciones vigentes que reposen en el Registro Nacional de Obras Civiles Inconclusas de que trata la Ley 2020 de 2020. En el evento que las personas naturales o jurídicas, nacionales o extranjeras domiciliadas o con Sucursal en Colombia, o integrantes de Proponentes Plurales, cuenten con alguna anotación vigente de obra civil inconclusa en el mencionado registro, se descontará un (1) punto de la sumatoria obtenida en relación con los criterios de evaluación. | O60: DESCUENTO PUNTAJE
B64: =B15 -> CONSORCIO YERBABUENA | C64: VERIFICADO | H64: 0 | J64: =B15 -> CONSORCIO YERBABUENA | K64: VERIFICADO | O64: 0
B68: TOTAL PUNTOS | C68: -

Sheet CONSORCIO CAMINOS 2021
A2: ANEXO EVALUACION DE EXPERIENCIA, TECNICA Y PUNTUABLE CMA-001-2024
A4: INTERVENTORÍA TÉCNICA, ADMINISTRATIVA, FINANCIERA, AMBIENTAL Y SST PARA EL MEJORAMIENTO DE LAS VÍAS DEL MUNICIPIO DE CHÍA, CUNDINAMARCA.
B8: 1. EXPERIENCIA GENERAL, 2.2 INTERVENTORÍA A PROYECTOS DE MEJORAMIENTO EN VÍAS TERCIARIAS
B10: Proponente | C10: Integrantes | D10: INTERVENTORÍA A PROYECTOS DE: CONSTRUCCIÓN O RECONSTRUCCIÓN O MEJORAMIENTO EN PAVIMENTO ASFÁLTICO O CONCRETO HIDRÁULICO O PLACA HUELLA DE VÍAS PRIMARIAS O SECUNDARIAS O VÍAS TERCIARIAS O VÍAS URBANAS O PISTAS DE AEROPUERTOS Nota 1: Se aclara que también será válida la experiencia que haya sido ejecutada a través de interventoría a alguna de las actividades constructivas de la experiencia general para Vías en Asfalto Natural o Asfaltita. Nota 2: En caso que el proyecto a realizar la interventoría corresponda a pavimento articulado o adoquinado, también será válida la acreditación de la experiencia en este tipo de pavimento por parte de los Proponentes. | H10: Participacion | I10: Valor en $ | J10: Valor en SMMLV | K10: Valor en SMMLV por porcentaje de participación | L10: El Proponente acreditará que la sumatoria de los contratos aportados como experiencia es mayor o igual al cien por ciento (100 %) respecto del valor total del Presupuesto Oficial establecido para el Proceso de Contratación expresado en SMMLV | N10: 10.1.3 CLASIFICACIÓN DE LA EXPERIENCIA EN EL “CLASIFICADOR DE BIENES, OBRAS Y SERVICIOS DE LAS NACIONES UNIDAS” Los contratos aportados para efectos de acreditación de la experiencia requerida deben estar clasificados en alguno de los siguientes códigos: 81101500 - 80101600 | P10: CUMPLE
B15: CONSORCIO CAMINOS 2021 | C15: PABLO MAURICIO CASTRO AVILA 50% FUNDACION CAMINOS INTEGRALES 50% | D15: INTERVENTORÍA TÉCNICA, ADMINISTRATIVA, AMBIENTAL Y DE CONTROL PRESUPUESTAL PARA LA PAVIMENTACIÓN DE LA INFRAESTRUCTURA VIAL DE UNAS VÍAS PRINCIPALES DEL MUNICIPIO DE SAN LORENZO, DEPARTAMENTO DE NARIÑO. | H15: 1 | I15: 172989156 | J15: =I15/[1]SMMLV!D34 -> 268.47079 | K15: 268.47 | L15: =K15+K16+K17 -> 742.98 | N15: ACREDITA LOS CODIGOS | P15: EL PROPONENTE SE ENCUENTRA RECHAZADO JURIDICAMENTE
D16: INTERVENTORÍA TÉCNICA, ADMINISTRATIVA, LEGAL DE CONTROL FINANCIERO, AMBIENTAL Y SOCIAL DE LA PAVIMENTACIÓN DE INFRAESTRUCTURA VIAL EN EL BARRIO EL DORADO ETAPA III MUNICIPIO DE MONTERÍA - DEPARTAMENTO DE CÓRDOBA. | H16: 1 | I16: 77131517 | J16: =I16/[1]SMMLV!D37 -> 98.729353 | K16: 98.72 | N16: ACREDITA LOS CODIGOS
D17: INTERVENTORÍA TÉCNICA, ADMINISTRATIVA Y CONTABLE A LOS DISEÑOS Y OBRAS DE CONSTRUCCIÓN DE VÍAS PRIMARIAS Y SECUNDARIAS EN SECTORES DENTRO DE LA LOCALIDAD DE FONTIBÓN CELEBRADO CON LA SECRETARÍA DISTRITAL DE INTEGRACIÓN SOCIAL – SDLS. | H17: 1 | I17: 170184599 | J17: =I17/[1]SMMLV!D32 -> 288.69313 | K17: 375.79 | N17: ACREDITA LOS CODIGOS
F19: P.O. Valor en $ | G19: P.O. Valor SMMLV | H19: PROMEDIO - EXPERIENCIA EN SMMLV
B20: Presupuesto Oficial | F20: 220397844 | G20: =F20/[1]SMMLV!D43 -> 169.5368 | H20: =((K15+K16+K17)/3) -> 247.66 | J20: =+L15 -> 742.98
F24: 2. REGISTRO UNICO DE PROPONENTES
F25: Proponente | G25: Integrantes | H25: No. De Certificado | I25: Fecha de expediciòn | J25: CLASIFICACIÓN DE LA EXPERIENCIA EN EL “CLASIFICADOR DE BIENES, OBRAS Y SERVICIOS DE LAS NACIONES UNIDAS” 81101500 - 80101600 | K25: Verificado | M25: “Formato 8 - Aceptación y cumplimiento de la formación académica y la experiencia del personal clave evaluable” | N25: CUMPLE (SI/NO)
F26: =B15 -> CONSORCIO CAMINOS 2021 | G26: =C15 -> PABLO MAURICIO CASTRO AVILA 50% FUNDACION CAMINOS INTEGRALES 50% | H26: PABLO MAURICIO CASTRO AVILA AA24737618 FUNDACION CAMINOS INTEGRALES FUNCAMINOS AA24737662 | I26: PABLO MAURICIO CASTRO AVILA 15 DE ABRIL DE 2024 FUNDACION CAMINOS INTEGRALES FUNCAMINOS 15 DE ABRIL DE 2024 | J26: VERIFICADO | K26: CUMPLE | M26: DILIGENCIA EL FORMATO 8 FIRMADO POR EL REPRESENTANTE LEGAL | N26: CUMPLE
B29: 3. CRITERIOS DE EVALUACIÓN, ASIGNACIÓN DE PUNTAJE Y CRITERIOS DE DESEMPATE
B30: FORMA DE VERIFICACIÓN Y ASIGNACIÓN DE PUNTAJE POR LA EXPERIENCIA DEL PROPONENTE | G30: 4.2 EQUIPO DE TRABAJO (Personal Clave Evaluable) | K30: 4.3 FACTOR DE SOSTENIBILIDAD La Entidad asignará un (1) punto al Proponente que se comprometa con el diligenciamiento del “Formato 12 – Factor de sostenibilidad” | M30: 4.6 EMPRENDIMIENTOS Y EMPRESAS DE MUJERES La Entidad asignará un puntaje de cero punto veinticinco (0.25) puntos al Proponente que acredite la calidad de emprendimientos y empresas de mujeres con domicilio en el territorio nacional de conformidad con lo previsto en el artículo 2.2.1.2.4.2.14. del Decreto 1082 de 2015 o la norma que lo modifique, sustituya o complemente. | N30: 4.7 MIPYME DOMICILIADA EN COLOMBIA La Entidad otorgará un puntaje de cero punto veinticinco (0.25) puntos al Proponente que acredite la calidad de Mipyme domiciliada en Colombia, de conformidad con el artículo 2.2.1.2.4.2.4 del Decreto 1082 de 2015, en concordancia con el parágrafo del artículo 2.2.1.13.2.4 del Decreto 1074 de 2015, o la norma que lo modifique, complemente o sustituya.
B31: CONTRATOS APORTADOS CONFORME EL VALOR EN SMMLV | C31: PROMEDIO DE CONTRATOS ACREDITADOS PARA EXPERIENCIA, EXPRESADO EN SMMLV | D31: TRM APLICADA | E31: METODO (Media geométrica) | G31: La asignación de puntaje relacionada con el “Equipo de trabajo (Personal Clave Evaluable)” se realizará de la siguiente manera:
D32: TMR - VIGENTE 9 DE MAYO 2024, VALOR 3,902.63 COP | G32: 4.2.1 EXPERIENCIA ESPECÍFICA ADICIONAL La Entidad asignará cinco (5) puntos al Proponente que se comprometa con el diligenciamiento del “Formato 9 - Experiencia y formación académica adicional del Personal Clave Evaluable” a acreditar que tienen un (1) año de experiencia específica adicional a la definida en la “Matriz 4 | I32: 4.2.2 FORMACIÓN ACADÉMICA ADICIONAL La Entidad asignará cinco (5) puntos al Proponente que se comprometa con el diligenciamiento del “Formato 9 – Experiencia y formación académica adicional del Personal Clave Evaluable” a acreditar que tienen una formación académica adicional a la definida en la “Matriz 4 | J32: PUNTAJE 10 | K32: - | M32: - | N32: -
B33: =K15 -> 268.47 | C33: =+AVERAGE(B33:B35) -> 247.66 | G33: - | I33: - | J33: -
B34: =K16 -> 98.72
B35: =K17 -> 375.79
B37: P.O. Valor en $ | C37: P.O. Valor SMMLV
B38: =F20 -> 220397844 | C38: =B38/[1]SMMLV!D43 -> 169.5368
B40: 4.4. APOYO A LA INDUSTRIA NACIONAL | I40: VINCULACIÓN DE PERSONAS CON DISCAPACIDAD
B41: PROPONENTE | G41: PUNTAJE(0-20) | I41: PROPONENTE | J41: La Entidad asignará un (1) punto al Proponente que acredite el número mínimo de personas en condición de discapacidad, de acuerdo con el número total de trabajadores de la planta de su personal, en los términos señalados en el artículo 2.2.1.2.4.2.6. del Decreto 1082 de 2015. | M41: PUNTAJE (0-1)
B48: =B15 -> CONSORCIO CAMINOS 2021 | C48: ACREDITA REQUISITO - FORMATO 7 – PUNTAJE DE INDUSTRIA NACIONAL FORMATO 7A – PROMOCIÓN DE SERVICIOS NACIONALES O CON TRATO NACIONAL | G48: - | I48: =+B15 -> CONSORCIO CAMINOS 2021 | J48: El integrante PABLO MAURICIO CASTRO AVILA del consorcio aporta la certificación del personal de trabajadores con discapacidad | M48: -
B54: PROPONENTE | C54: Asimismo, las Entidades deberán reducir durante la evaluación de las ofertas dos (2) puntos a los Proponentes que se les haya impuesto una o más multas o cláusulas penales durante el último año, contado a partir de la fecha prevista para el cierre del proceso, sin importar la cuantía y sin perjuicio de las demás consecuencias derivadas del incumplimiento. Esta reducción también afecta a los Consorcios y a las Uniones Temporales si alguno de sus integrantes se encuentra en la situación anterior. | H54: DESCUENTO PUNTAJE | J54: PROPONENTE | K54: Las Entidades deben consultar y analizar las anotaciones vigentes que reposen en el Registro Nacional de Obras Civiles Inconclusas de que trata la Ley 2020 de 2020. En el evento que las personas naturales o jurídicas, nacionales o extranjeras domiciliadas o con Sucursal en Colombia, o integrantes de Proponentes Plurales, cuenten con alguna anotación vigente de obra civil inconclusa en el mencionado registro, se descontará un (1) punto de la sumatoria obtenida en relación con los criterios de evaluación. | O54: DESCUENTO PUNTAJE
B58: =B15 -> CONSORCIO CAMINOS 2021 | C58: VERIFICADO | H58: 0 | J58: =B15 -> CONSORCIO CAMINOS 2021 | K58: VERIFICADO | O58: 0
B62: TOTAL PUNTOS | C62: -

Sheet CONSORCIO MEJORAMIENTO KBF
A2: ANEXO EVALUACION DE EXPERIENCIA, TECNICA Y PUNTUABLE CMA-001-2024
A4: INTERVENTORÍA TÉCNICA, ADMINISTRATIVA, FINANCIERA, AMBIENTAL Y SST PARA EL MEJORAMIENTO DE LAS VÍAS DEL MUNICIPIO DE CHÍA, CUNDINAMARCA.
B8: 1. EXPERIENCIA GENERAL, 2.2 INTERVENTORÍA A PROYECTOS DE MEJORAMIENTO EN VÍAS TERCIARIAS
B10: Proponente | C10: Integrantes | D10: INTERVENTORÍA A PROYECTOS DE: CONSTRUCCIÓN O RECONSTRUCCIÓN O MEJORAMIENTO EN PAVIMENTO ASFÁLTICO O CONCRETO HIDRÁULICO O PLACA HUELLA DE VÍAS PRIMARIAS O SECUNDARIAS O VÍAS TERCIARIAS O VÍAS URBANAS O PISTAS DE AEROPUERTOS Nota 1: Se aclara que también será válida la experiencia que haya sido ejecutada a través de interventoría a alguna de las actividades constructivas de la experiencia general para Vías en Asfalto Natural o Asfaltita. Nota 2: En caso que el proyecto a realizar la interventoría corresponda a pavimento articulado o adoquinado, también será válida la acreditación de la experiencia en este tipo de pavimento por parte de los Proponentes. | H10: Participacion | I10: Valor en $ | J10: Valor en SMMLV | K10: Valor en SMMLV por porcentaje de participación | L10: El Proponente acreditará que la sumatoria de los contratos aportados como experiencia es mayor o igual al cien por ciento (100 %) respecto del valor total del Presupuesto Oficial establecido para el Proceso de Contratación expresado en SMMLV | N10: 10.1.3 CLASIFICACIÓN DE LA EXPERIENCIA EN EL “CLASIFICADOR DE BIENES, OBRAS Y SERVICIOS DE LAS NACIONES UNIDAS” Los contratos aportados para efectos de acreditación de la experiencia requerida deben estar clasificados en alguno de los siguientes códigos: 81101500 - 80101600 | P10: CUMPLE
B15: CONSORCIO MEJORAMIENTO KBF | C15: CONINARQ S.A.S 60% KAMAL AUGUSTO BEJARANO FERNÁNDEZ 40% | D15: INTERVENTORÍA TÉCNICA, ADMINISTRATIVA, FINANCIERA, Y SOCIO AMBIENTAL PARA LA CONSTRUCCIÓN DE ACCESOS A BARRIOS Y PAVIMENTOS LOCALES, PROGRAMA DE PAVIMENTOS LOCALES GRUPO I: LOCALIDADES DE BOSA, CHAPINERO, KENNEDY Y SUBA - GRUPO II: LOCALIDADES DE ANTONIO NARIÑO, CIUDAD BOLIVAR, LOS MARTIRES, SANTAFE Y USME, EN BOGOTA, D.C. | H15: 0.2 | I15: 1325481239 | J15: =(I15)/SMMLV!D29 -> 2573.75 | K15: =J15*H15 -> 514.75 | L15: =K15 -> 514.75 | N15: ACREDITA CODIGOS | P15: EL PROPONENTE SE ENCUENTRA RECHAZADO JURIDICAMENTE
F17: P.O. Valor en $ | G17: P.O. Valor SMMLV | H17: PROMEDIO - EXPERIENCIA EN SMMLV
B18: Presupuesto Oficial | F18: 220397844 | G18: =F18/SMMLV!D43 -> 169.5368 | H18: =((K15)/1) -> 514.75 | J18: =+L15 -> 514.75
F22: 2. REGISTRO UNICO DE PROPONENTES
F23: Proponente | G23: Integrantes | H23: No. De Certificado | I23: Fecha de expediciòn | J23: CLASIFICACIÓN DE LA EXPERIENCIA EN EL “CLASIFICADOR DE BIENES, OBRAS Y SERVICIOS DE LAS NACIONES UNIDAS” 81101500 - 80101600 | K23: Verificado | M23: “Formato 8 - Aceptación y cumplimiento de la formación académica y la experiencia del personal clave evaluable” | N23: CUMPLE (SI/NO)
F24: =B15 -> CONSORCIO MEJORAMIENTO KBF | G24: =C15 -> CONINARQ S.A.S 60% KAMAL AUGUSTO BEJARANO FERNÁNDEZ 40% | H24: CONINARQ S.A.S jZSx7XKSSc KAMAL AUGUSTO BEJARANO FERNÁNDEZ wPvZn9pUMN | I24: CONINARQ S.A.S 28/04/2024 KAMAL AUGUSTO BEJARANO FERNÁNDEZ 24/04/2024 | J24: VERIFICADO | K24: CUMPLE | M24: DILIGENCIA EL FORMATO 8 FIRMADO POR EL REPRESENTANTE LEGAL | N24: CUMPLE
B27: 3. CRITERIOS DE EVALUACIÓN, ASIGNACIÓN DE PUNTAJE Y CRITERIOS DE DESEMPATE
B28: FORMA DE VERIFICACIÓN Y ASIGNACIÓN DE PUNTAJE POR LA EXPERIENCIA DEL PROPONENTE | G28: 4.2 EQUIPO DE TRABAJO (Personal Clave Evaluable) | K28: 4.3 FACTOR DE SOSTENIBILIDAD La Entidad asignará un (1) punto al Proponente que se comprometa con el diligenciamiento del “Formato 12 – Factor de sostenibilidad” | M28: 4.6 EMPRENDIMIENTOS Y EMPRESAS DE MUJERES La Entidad asignará un puntaje de cero punto veinticinco (0.25) puntos al Proponente que acredite la calidad de emprendimientos y empresas de mujeres con domicilio en el territorio nacional de conformidad con lo previsto en el artículo 2.2.1.2.4.2.14. del Decreto 1082 de 2015 o la norma que lo modifique, sustituya o complemente. | N28: 4.7 MIPYME DOMICILIADA EN COLOMBIA La Entidad otorgará un puntaje de cero punto veinticinco (0.25) puntos al Proponente que acredite la calidad de Mipyme domiciliada en Colombia, de conformidad con el artículo 2.2.1.2.4.2.4 del Decreto 1082 de 2015, en concordancia con el parágrafo del artículo 2.2.1.13.2.4 del Decreto 1074 de 2015, o la norma que lo modifique, complemente o sustituya.
B29: CONTRATOS APORTADOS CONFORME EL VALOR EN SMMLV | C29: PROMEDIO DE CONTRATOS ACREDITADOS PARA EXPERIENCIA, EXPRESADO EN SMMLV | D29: TRM APLICADA | E29: METODO (Media geométrica) | G29: La asignación de puntaje relacionada con el “Equipo de trabajo (Personal Clave Evaluable)” se realizará de la siguiente manera:
D30: TMR - VIGENTE 9 DE MAYO 2024, VALOR 3,902.63 COP | G30: 4.2.1 EXPERIENCIA ESPECÍFICA ADICIONAL La Entidad asignará cinco (5) puntos al Proponente que se comprometa con el diligenciamiento del “Formato 9 - Experiencia y formación académica adicional del Personal Clave Evaluable” a acreditar que tienen un (1) año de experiencia específica adicional a la definida en la “Matriz 4 | I30: 4.2.2 FORMACIÓN ACADÉMICA ADICIONAL La Entidad asignará cinco (5) puntos al Proponente que se comprometa con el diligenciamiento del “Formato 9 – Experiencia y formación académica adicional del Personal Clave Evaluable” a acreditar que tienen una formación académica adicional a la definida en la “Matriz 4 | J30: PUNTAJE 10 | K30: - | M30: - | N30: -
B31: =K15 -> 514.75 | C31: =+AVERAGE(B31:B31) -> 514.75 | G31: - | I31: - | J31: -
B33: P.O. Valor en $ | C33: P.O. Valor SMMLV
B34: =F18 -> 220397844 | C34: =B34/SMMLV!D43 -> 169.5368
B36: 4.4. APOYO A LA INDUSTRIA NACIONAL | I36: VINCULACIÓN DE PERSONAS CON DISCAPACIDAD
B37: PROPONENTE | G37: PUNTAJE(0-20) | I37: PROPONENTE | J37: La Entidad asignará un (1) punto al Proponente que acredite el número mínimo de personas en condición de discapacidad, de acuerdo con el número total de trabajadores de la planta de su personal, en los términos señalados en el artículo 2.2.1.2.4.2.6. del Decreto 1082 de 2015. | M37: PUNTAJE (0-1)
B44: =B15 -> CONSORCIO MEJORAMIENTO KBF | C44: ACREDITA REQUISITO - FORMATO 7 – PUNTAJE DE INDUSTRIA NACIONAL FORMATO 7A – PROMOCIÓN DE SERVICIOS NACIONALES O CON TRATO NACIONAL | G44: - | I44: CONINARQ S.A.S | J44: El integrante CONINARQ S.A.S del consorcio según certificado tiene el 50% del personal | M44: -
B50: PROPONENTE | C50: Asimismo, las Entidades deberán reducir durante la evaluación de las ofertas dos (2) puntos a los Proponentes que se les haya impuesto una o más multas o cláusulas penales durante el último año, contado a partir de la fecha prevista para el cierre del proceso, sin importar la cuantía y sin perjuicio de las demás consecuencias derivadas del incumplimiento. Esta reducción también afecta a los Consorcios y a las Uniones Temporales si alguno de sus integrantes se encuentra en la situación anterior. | H50: DESCUENTO PUNTAJE | J50: PROPONENTE | K50: Las Entidades deben consultar y analizar las anotaciones vigentes que reposen en el Registro Nacional de Obras Civiles Inconclusas de que trata la Ley 2020 de 2020. En el evento que las personas naturales o jurídicas, nacionales o extranjeras domiciliadas o con Sucursal en Colombia, o integrantes de Proponentes Plurales, cuenten con alguna anotación vigente de obra civil inconclusa en el mencionado registro, se descontará un (1) punto de la sumatoria obtenida en relación con los criterios de evaluación. | O50: DESCUENTO PUNTAJE
B54: =B15 -> CONSORCIO MEJORAMIENTO KBF | C54: VERIFICADO | H54: 0 | J54: =B15 -> CONSORCIO MEJORAMIENTO KBF | K54: VERIFICADO | O54: 0
B58: TOTAL PUNTOS | C58: -

Sheet GKAIROS SAS
A2: ANEXO EVALUACION DE EXPERIENCIA, TECNICA Y PUNTUABLE CMA-001-2024
A4: INTERVENTORÍA TÉCNICA, ADMINISTRATIVA, FINANCIERA, AMBIENTAL Y SST PARA EL MEJORAMIENTO DE LAS VÍAS DEL MUNICIPIO DE CHÍA, CUNDINAMARCA.
B8: 1. EXPERIENCIA GENERAL, 2.2 INTERVENTORÍA A PROYECTOS DE MEJORAMIENTO EN VÍAS TERCIARIAS
B10: Proponente | C10: Integrantes | D10: INTERVENTORÍA A PROYECTOS DE: CONSTRUCCIÓN O RECONSTRUCCIÓN O MEJORAMIENTO EN PAVIMENTO ASFÁLTICO O CONCRETO HIDRÁULICO O PLACA HUELLA DE VÍAS PRIMARIAS O SECUNDARIAS O VÍAS TERCIARIAS O VÍAS URBANAS O PISTAS DE AEROPUERTOS Nota 1: Se aclara que también será válida la experiencia que haya sido ejecutada a través de interventoría a alguna de las actividades constructivas de la experiencia general para Vías en Asfalto Natural o Asfaltita. Nota 2: En caso que el proyecto a realizar la interventoría corresponda a pavimento articulado o adoquinado, también será válida la acreditación de la experiencia en este tipo de pavimento por parte de los Proponentes. | H10: Participacion | I10: Valor en $ | J10: Valor en SMMLV | K10: Valor en SMMLV por porcentaje de participación | L10: El Proponente acreditará que la sumatoria de los contratos aportados como experiencia es mayor o igual al cien por ciento (100 %) respecto del valor total del Presupuesto Oficial establecido para el Proceso de Contratación expresado en SMMLV | N10: 10.1.3 CLASIFICACIÓN DE LA EXPERIENCIA EN EL “CLASIFICADOR DE BIENES, OBRAS Y SERVICIOS DE LAS NACIONES UNIDAS” Los contratos aportados para efectos de acreditación de la experiencia requerida deben estar clasificados en alguno de los siguientes códigos: 81101500 - 80101600 | P10: CUMPLE
B15: GKAIROS S.A.S | D15: INTERVENTORÍA TÉCNICA, ADMINISTRATIVA Y FINANCIERA REHABILITACIÓN Y MANTENIMIENTO DE VÍAS URBANAS EN PAVIMENTO FLEXIBLE EN EL MUNICIPIO DE ZIPAQUIRÁ CUNDINAMARCA | H15: 1 | I15: 179604870 | J15: =(I15)/SMMLV!D38 -> 216.88371 | K15: =J15*H15 -> 216.88371 | L15: =K15+K16 -> 577.93368 | N15: ACREDITA CODIGO 81101500 | P15: CUMPLE
D16: INTERVENTORÍA TÉCNICA ADMINISTRATIVA FINANCIERA Y AMBIENTAL A LA CONSTRUCCIÓN DE LA PRIMERA ETAPA DE LA VÍA CALLE 7 INICIANDO EN LA CRA 12 DEL MUNICIPIO DE ZIPAQUIRÁ | H16: 0.7 | I16: 468604700 | J16: =(I16)/SMMLV!D40 -> 515.78568 | K16: =J16*H16 -> 361.04998 | N16: ACREDITA CODIGO 81101500
D17: ANEXA FORMATO SIN FIRMA DEL REPRESENTANTE LEGAL
F18: P.O. Valor en $ | G18: P.O. Valor SMMLV | H18: PROMEDIO - EXPERIENCIA EN SMMLV
B19: Presupuesto Oficial | F19: 220397844 | G19: =F19/SMMLV!D43 -> 169.5368 | H19: =((K15+K16)/2) -> 288.96684 | J19: =+L15 -> 577.93368
F23: 2. REGISTRO UNICO DE PROPONENTES
F24: Proponente | G24: Integrantes | H24: No. De Certificado | I24: Fecha de expediciòn | J24: CLASIFICACIÓN DE LA EXPERIENCIA EN EL “CLASIFICADOR DE BIENES, OBRAS Y SERVICIOS DE LAS NACIONES UNIDAS” 81101500 - 80101600 | K24: Verificado | M24: “Formato 8 - Aceptación y cumplimiento de la formación académica y la experiencia del personal clave evaluable” | N24: CUMPLE (SI/NO)
F25: =B15 -> GKAIROS S.A.S | G25: =C15 -> 0 | H25: GKAIROS S.A.S AA24750929 | I25: GKAIROS S.A.S 16/04/2024 | J25: VERIFICADO | K25: CUMPLE | M25: DILIGENCIA EL FORMATO 8 FIRMADO POR EL REPRESENTANTE LEGAL | N25: CUMPLE
B28: 3. CRITERIOS DE EVALUACIÓN, ASIGNACIÓN DE PUNTAJE Y CRITERIOS DE DESEMPATE
B29: FORMA DE VERIFICACIÓN Y ASIGNACIÓN DE PUNTAJE POR LA EXPERIENCIA DEL PROPONENTE | G29: 4.2 EQUIPO DE TRABAJO (Personal Clave Evaluable) | K29: 4.3 FACTOR DE SOSTENIBILIDAD La Entidad asignará un (1) punto al Proponente que se comprometa con el diligenciamiento del “Formato 12 – Factor de sostenibilidad” | M29: 4.6 EMPRENDIMIENTOS Y EMPRESAS DE MUJERES La Entidad asignará un puntaje de cero punto veinticinco (0.25) puntos al Proponente que acredite la calidad de emprendimientos y empresas de mujeres con domicilio en el territorio nacional de conformidad con lo previsto en el artículo 2.2.1.2.4.2.14. del Decreto 1082 de 2015 o la norma que lo modifique, sustituya o complemente. | N29: 4.7 MIPYME DOMICILIADA EN COLOMBIA La Entidad otorgará un puntaje de cero punto veinticinco (0.25) puntos al Proponente que acredite la calidad de Mipyme domiciliada en Colombia, de conformidad con el artículo 2.2.1.2.4.2.4 del Decreto 1082 de 2015, en concordancia con el parágrafo del artículo 2.2.1.13.2.4 del Decreto 1074 de 2015, o la norma que lo modifique, complemente o sustituya.
B30: CONTRATOS APORTADOS CONFORME EL VALOR EN SMMLV | C30: PROMEDIO DE CONTRATOS ACREDITADOS PARA EXPERIENCIA, EXPRESADO EN SMMLV | D30: TRM APLICADA | E30: METODO (Media geométrica) | G30: La asignación de puntaje relacionada con el “Equipo de trabajo (Personal Clave Evaluable)” se realizará de la siguiente manera:
D31: TMR - VIGENTE 9 DE MAYO 2024, VALOR 3,902.63 COP | G31: 4.2.1 EXPERIENCIA ESPECÍFICA ADICIONAL La Entidad asignará cinco (5) puntos al Proponente que se comprometa con el diligenciamiento del “Formato 9 - Experiencia y formación académica adicional del Personal Clave Evaluable” a acreditar que tienen un (1) año de experiencia específica adicional a la definida en la “Matriz 4 | I31: 4.2.2 FORMACIÓN ACADÉMICA ADICIONAL La Entidad asignará cinco (5) puntos al Proponente que se comprometa con el diligenciamiento del “Formato 9 – Experiencia y formación académica adicional del Personal Clave Evaluable” a acreditar que tienen una formación académica adicional a la definida en la “Matriz 4 | J31: PUNTAJE 10 | K31: 1 | M31: 0.25 | N31: 0.25
B32: =K15 -> 216.88371 | C32: =+AVERAGE(B32:B33) -> 288.96684 | G32: 5 | I32: 5 | J32: =G32+I32 -> 10
B33: =K16 -> 361.04998
B35: P.O. Valor en $ | C35: P.O. Valor SMMLV
B36: =F19 -> 220397844 | C36: =B36/SMMLV!D43 -> 169.5368
B38: 4.4. APOYO A LA INDUSTRIA NACIONAL | I38: VINCULACIÓN DE PERSONAS CON DISCAPACIDAD
B39: PROPONENTE | G39: PUNTAJE(0-20) | I39: PROPONENTE | J39: La Entidad asignará un (1) punto al Proponente que acredite el número mínimo de personas en condición de discapacidad, de acuerdo con el número total de trabajadores de la planta de su personal, en los términos señalados en el artículo 2.2.1.2.4.2.6. del Decreto 1082 de 2015. | M39: PUNTAJE (0-1)
B46: =B15 -> GKAIROS S.A.S | C46: ACREDITA REQUISITO - FORMATO 7 – PUNTAJE DE INDUSTRIA NACIONAL FORMATO 7A – PROMOCIÓN DE SERVICIOS NACIONALES O CON TRATO NACIONAL | G46: 20 | I46: GKAIROS S.A.S | J46: El proponente GKAIROS S.A.S del consorcio aporta el personal de trabajadores con discapacidad | M46: 1
B52: PROPONENTE | C52: Asimismo, las Entidades deberán reducir durante la evaluación de las ofertas dos (2) puntos a los Proponentes que se les haya impuesto una o más multas o cláusulas penales durante el último año, contado a partir de la fecha prevista para el cierre del proceso, sin importar la cuantía y sin perjuicio de las demás consecuencias derivadas del incumplimiento. Esta reducción también afecta a los Consorcios y a las Uniones Temporales si alguno de sus integrantes se encuentra en la situación anterior. | H52: DESCUENTO PUNTAJE | J52: PROPONENTE | K52: Las Entidades deben consultar y analizar las anotaciones vigentes que reposen en el Registro Nacional de Obras Civiles Inconclusas de que trata la Ley 2020 de 2020. En el evento que las personas naturales o jurídicas, nacionales o extranjeras domiciliadas o con Sucursal en Colombia, o integrantes de Proponentes Plurales, cuenten con alguna anotación vigente de obra civil inconclusa en el mencionado registro, se descontará un (1) punto de la sumatoria obtenida en relación con los criterios de evaluación. | O52: DESCUENTO PUNTAJE
B56: =B15 -> GKAIROS S.A.S | C56: VERIFICADO | H56: 0 | J56: =B15 -> GKAIROS S.A.S | K56: VERIFICADO | O56: 0
B60: TOTAL PUNTOS | C60: =+J32+K31+M31+N31+G46+M46 -> 32.5

Sheet JAASIEL SAS
A2: ANEXO EVALUACION DE EXPERIENCIA, TECNICA Y PUNTUABLE CMA-001-2024
A4: INTERVENTORÍA TÉCNICA, ADMINISTRATIVA, FINANCIERA, AMBIENTAL Y SST PARA EL MEJORAMIENTO DE LAS VÍAS DEL MUNICIPIO DE CHÍA, CUNDINAMARCA.
B8: 1. EXPERIENCIA GENERAL, 2.2 INTERVENTORÍA A PROYECTOS DE MEJORAMIENTO EN VÍAS TERCIARIAS
B10: Proponente | C10: Integrantes | D10: INTERVENTORÍA A PROYECTOS DE: CONSTRUCCIÓN O RECONSTRUCCIÓN O MEJORAMIENTO EN PAVIMENTO ASFÁLTICO O CONCRETO HIDRÁULICO O PLACA HUELLA DE VÍAS PRIMARIAS O SECUNDARIAS O VÍAS TERCIARIAS O VÍAS URBANAS O PISTAS DE AEROPUERTOS Nota 1: Se aclara que también será válida la experiencia que haya sido ejecutada a través de interventoría a alguna de las actividades constructivas de la experiencia general para Vías en Asfalto Natural o Asfaltita. Nota 2: En caso que el proyecto a realizar la interventoría corresponda a pavimento articulado o adoquinado, también será válida la acreditación de la experiencia en este tipo de pavimento por parte de los Proponentes. | H10: Participacion | I10: Valor en $ | J10: Valor en SMMLV | K10: Valor en SMMLV por porcentaje de participación | L10: El Proponente acreditará que la sumatoria de los contratos aportados como experiencia es mayor o igual al cien por ciento (100 %) respecto del valor total del Presupuesto Oficial establecido para el Proceso de Contratación expresado en SMMLV | N10: 10.1.3 CLASIFICACIÓN DE LA EXPERIENCIA EN EL “CLASIFICADOR DE BIENES, OBRAS Y SERVICIOS DE LAS NACIONES UNIDAS” Los contratos aportados para efectos de acreditación de la experiencia requerida deben estar clasificados en alguno de los siguientes códigos: 81101500 - 80101600 | P10: CUMPLE
B15: JAASIEL INGENIERIA S.A.S. | D15: IINTERVENTORÍA INTEGRAL AL CONTRATO RESULTANTE DE LA LICITACIÓN PÚBLICA PARA EL MEJORAMIENTO DE LA CARRERA 9 ENTRE CALLE 17 Y CALLE 30 MEDIANTE LA PAVIMENTACIÓN EN CONCRETO RÍGIDO EN EL MUNICIPIO DE GRANADA - META. | H15: 1 | I15: 1.8095219e+08 | J15: =(I15)/SMMLV!D33 -> 293.75356 | K15: =J15*H15 -> 293.75356 | L15: =K15+K16+K17 -> 487.21625 | N15: ACREDITA CODIGO 81101500 | P15: SI
D16: INTERVENTORÍA TÉCNICA, ADMINISTRATIVA Y FINANCIERA PARA EL MEJORAMIENTO DE LA MALLA VIAL URBANA ETAPA VI DEL MUNICIPIO DE MANZANARES | H16: 0.95 | I16: 100250692 | J16: =(I16)/SMMLV!D41 -> 100.25069 | K16: =J16*H16 -> 95.238157 | N16: ACREDITA CODIGO 81101500
D17: INTERVENTORÍA TÉCNICA, ADMINISTRATIVA, FINANCIERA, CONTABLE, AMBIENTAL PARA LA CONSTRUCCIÓN Y/O MEJORAMIENTO DE PAVIMENTOS EN LA ZONA URBANA DEL MUNICIPIO DE RISARALDA CALDAS | H17: 1 | I17: 113940454 | J17: =(I17)/SMMLV!D42 -> 98.224529 | K17: =J17*H17 -> 98.224529 | N17: ACREDITA CODIGO 81101500
F19: P.O. Valor en $ | G19: P.O. Valor SMMLV | H19: PROMEDIO - EXPERIENCIA EN SMMLV
B20: Presupuesto Oficial | F20: 220397844 | G20: =F20/SMMLV!D43 -> 169.5368 | H20: =((K15+K16+K17)/3) -> 162.40542 | J20: =+L15 -> 487.21625
F24: 2. REGISTRO UNICO DE PROPONENTES
F25: Proponente | G25: Integrantes | H25: No. De Certificado | I25: Fecha de expediciòn | J25: CLASIFICACIÓN DE LA EXPERIENCIA EN EL “CLASIFICADOR DE BIENES, OBRAS Y SERVICIOS DE LAS NACIONES UNIDAS” 81101500 - 80101600 | K25: Verificado | M25: “Formato 8 - Aceptación y cumplimiento de la formación académica y la experiencia del personal clave evaluable” | N25: CUMPLE (SI/NO)
F26: =B15 -> JAASIEL INGENIERIA S.A.S. | G26: =C15 -> 0 | H26: JAASIEL INGENIERIA S.A.S. AA24839233 | I26: JAASIEL INGENIERIA S.A.S. 07/05/2024 | J26: VERIFICADO | K26: CUMPLE | M26: DILIGENCIA EL FORMATO 8 FIRMADO POR EL REPRESENTANTE LEGAL | N26: CUMPLE
B29: 3. CRITERIOS DE EVALUACIÓN, ASIGNACIÓN DE PUNTAJE Y CRITERIOS DE DESEMPATE
B30: FORMA DE VERIFICACIÓN Y ASIGNACIÓN DE PUNTAJE POR LA EXPERIENCIA DEL PROPONENTE | G30: 4.2 EQUIPO DE TRABAJO (Personal Clave Evaluable) | K30: 4.3 FACTOR DE SOSTENIBILIDAD La Entidad asignará un (1) punto al Proponente que se comprometa con el diligenciamiento del “Formato 12 – Factor de sostenibilidad” | M30: 4.6 EMPRENDIMIENTOS Y EMPRESAS DE MUJERES La Entidad asignará un puntaje de cero punto veinticinco (0.25) puntos al Proponente que acredite la calidad de emprendimientos y empresas de mujeres con domicilio en el territorio nacional de conformidad con lo previsto en el artículo 2.2.1.2.4.2.14. del Decreto 1082 de 2015 o la norma que lo modifique, sustituya o complemente. | N30: 4.7 MIPYME DOMICILIADA EN COLOMBIA La Entidad otorgará un puntaje de cero punto veinticinco (0.25) puntos al Proponente que acredite la calidad de Mipyme domiciliada en Colombia, de conformidad con el artículo 2.2.1.2.4.2.4 del Decreto 1082 de 2015, en concordancia con el parágrafo del artículo 2.2.1.13.2.4 del Decreto 1074 de 2015, o la norma que lo modifique, complemente o sustituya.
B31: CONTRATOS APORTADOS CONFORME EL VALOR EN SMMLV | C31: PROMEDIO DE CONTRATOS ACREDITADOS PARA EXPERIENCIA, EXPRESADO EN SMMLV | D31: TRM APLICADA | E31: METODO (Media geométrica) | G31: La asignación de puntaje relacionada con el “Equipo de trabajo (Personal Clave Evaluable)” se realizará de la siguiente manera:
D32: TMR - VIGENTE 9 DE MAYO 2024, VALOR 3,902.63 COP | G32: 4.2.1 EXPERIENCIA ESPECÍFICA ADICIONAL La Entidad asignará cinco (5) puntos al Proponente que se comprometa con el diligenciamiento del “Formato 9 - Experiencia y formación académica adicional del Personal Clave Evaluable” a acreditar que tienen un (1) año de experiencia específica adicional a la definida en la “Matriz 4 | I32: 4.2.2 FORMACIÓN ACADÉMICA ADICIONAL La Entidad asignará cinco (5) puntos al Proponente que se comprometa con el diligenciamiento del “Formato 9 – Experiencia y formación académica adicional del Personal Clave Evaluable” a acreditar que tienen una formación académica adicional a la definida en la “Matriz 4 | J32: PUNTAJE 10 | K32: 1 | M32: 0 | N32: 0.25
B33: =K15 -> 293.75356 | C33: =+AVERAGE(B33:B35) -> 162.40542 | G33: 5 | I33: 5 | J33: =G33+I33 -> 10
B34: =K16 -> 95.238157
B35: =K17 -> 98.224529
B37: P.O. Valor en $ | C37: P.O. Valor SMMLV
B38: =F20 -> 220397844 | C38: =B38/SMMLV!D43 -> 169.5368
B40: 4.4. APOYO A LA INDUSTRIA NACIONAL | I40: VINCULACIÓN DE PERSONAS CON DISCAPACIDAD
B41: PROPONENTE | G41: PUNTAJE(0-20) | I41: PROPONENTE | J41: La Entidad asignará un (1) punto al Proponente que acredite el número mínimo de personas en condición de discapacidad, de acuerdo con el número total de trabajadores de la planta de su personal, en los términos señalados en el artículo 2.2.1.2.4.2.6. del Decreto 1082 de 2015. | M41: PUNTAJE (0-1)
B48: =B15 -> JAASIEL INGENIERIA S.A.S. | C48: ACREDITA REQUISITO - FORMATO 7 – PUNTAJE DE INDUSTRIA NACIONAL FORMATO 7A – PROMOCIÓN DE SERVICIOS NACIONALES O CON TRATO NACIONAL | G48: 20 | I48: JAASIEL INGENIERIA S.A.S. | M48: 0
B54: PROPONENTE | C54: Asimismo, las Entidades deberán reducir durante la evaluación de las ofertas dos (2) puntos a los Proponentes que se les haya impuesto una o más multas o cláusulas penales durante el último año, contado a partir de la fecha prevista para el cierre del proceso, sin importar la cuantía y sin perjuicio de las demás consecuencias derivadas del incumplimiento. Esta reducción también afecta a los Consorcios y a las Uniones Temporales si alguno de sus integrantes se encuentra en la situación anterior. | H54: DESCUENTO PUNTAJE | J54: PROPONENTE | K54: Las Entidades deben consultar y analizar las anotaciones vigentes que reposen en el Registro Nacional de Obras Civiles Inconclusas de que trata la Ley 2020 de 2020. En el evento que las personas naturales o jurídicas, nacionales o extranjeras domiciliadas o con Sucursal en Colombia, o integrantes de Proponentes Plurales, cuenten con alguna anotación vigente de obra civil inconclusa en el mencionado registro, se descontará un (1) punto de la sumatoria obtenida en relación con los criterios de evaluación. | O54: DESCUENTO PUNTAJE
B58: =B15 -> JAASIEL INGENIERIA S.A.S. | C58: VERIFICADO | H58: 0 | J58: =B15 -> JAASIEL INGENIERIA S.A.S. | K58: VERIFICADO | O58: 0
B62: TOTAL PUNTOS | C62: =J33+K32+M32+N32+G48+M48 -> 31.25

Sheet SMMLV
C2: Año | D2: Salario mínimo mensual
C3: 1984 | D3: 11298
C4: 1985 | D4: 13558
C5: 1986 | D5: 16811
C6: 1987 | D6: 20510
C7: 1988 | D7: 25637
C8: 1989 | D8: 32560
C9: 1990 | D9: 41025
C10: 1991 | D10: 51720
C11: 1992 | D11: 65190
C12: 1993 | D12: 81510
C13: 1994 | D13: 98700
C14: 1995 | D14: 118934
... C43: 2024 | D43: 1300000
